Map: Hecate LE

Players

Subwayeatn

  • Race: Zerg Zerg
  • League: Gold
  • Spawn Location: 1:00

HuiMang - Winner!

  • Race: Terran Terran
  • League: Gold
  • Spawn Location: 7:00

VOD

Have the link to the VOD?

Description

Time

  • Played on: Oct. 15, 2023, 5:55 p.m.
  • Length: 7:15
Show
View Real Time Build Order
Export as new Build Order

Subwayeatn Zerg 

Build Orders: Hatch First 

Get SALT Encoding   

  12  0:00  Drone  
  13  0:13  Overlord  
  13  0:19  Drone  
  14  0:31  Drone x2  
  16  0:50  Hatchery  
  15  0:58  Drone  
  15  0:59  Drone x2  
  18  1:06  Extractor  
  17  1:17  Spawning Pool  
  16  1:25  Drone x2  
  18  1:33  Drone  
  19  1:41  Drone  
  20  1:51  Overlord  
  20  2:03  Queen x2  
  24  2:10  Zergling x4  
  26  2:16  Zergling x2  
  27  2:30  Extractor  
  26  2:39  Overlord  
  26  2:46  Drone x3  
  29  2:51  Lair  
  29  2:53  Roach Warren  
  28  3:12  Evolution Chamber  
  27  3:13  Evolution Chamber  
  26  3:49  Roach x3  
  26  3:50  Roach x6  
  44  4:07  Glial Reconstitution  
  44  4:09  Zerg Missile Weapons Level 1  
  44  4:39  Hatchery  
  22  5:09  Metabolic Boost  
  22  5:12  Baneling Nest  
  21  5:14  Zerg Melee Weapons Level 1  
  21  5:21  Extractor  
  20  5:22  Drone x9  
  20  5:23  Extractor  
  28  5:30  Zergling x2  
  28  5:33  Drone  
  28  5:35  Drone  
  31  5:39  Drone  
  32  5:44  Drone  
  32  5:45  Drone  
  32  5:48  Drone  
  35  5:55  Queen  
  37  6:00  Centrifugal Hooks  
  37  6:09  Drone x4  
  41  6:22  Drone x6  
  47  6:28  Overlord  
  47  6:32  Overlord  
  47  6:38  Drone x3  
  50  7:00  Spore Crawler  
  49  7:02  Spore Crawler  
  49  7:04  Spore Crawler  
  47  7:15  Spire  
Show
View Real Time Build Order
Export as new Build Order

HuiMang Terran - Winner!

Build Orders: Reaper Expand 

Get SALT Encoding   

  12  0:00  SCV  
  13  0:12  SCV  
  14  0:17  Supply Depot  
  14  0:24  SCV  
  15  0:38  SCV  
  15  0:39  Barracks  
  16  0:43  Refinery  
  16  0:50  SCV  
  17  1:02  SCV  
  18  1:14  SCV  
  19  1:26  Orbital Command, Reaper  
  20  1:40  Command Center  
  20  1:52  Barracks  
  20  1:54  SCV  
  21  2:01  Barracks Reactor  
  21  2:07  SCV  
  22  2:12  Supply Depot  
  22  2:13  Refinery  
  22  2:27  SCV  
  23  2:38  Marine x2  
  23  2:39  Factory  
  23  2:41  Barracks Tech Lab  
  25  2:53  SCV  
  25  2:54  Bunker  
  25  2:56  Orbital Command, Marine x2  
  28  3:01  Stimpack  
  28  3:10  Marine  
  29  3:13  Marine, SCV  
  31  3:23  Marine  
  32  3:27  Marine  
  32  3:31  Starport  
  33  3:35  Factory Reactor  
  33  3:39  SCV  
  34  3:44  Marine x2  
  34  3:45  Marine  
  36  3:51  SCV  
  37  3:57  Supply Depot  
  37  3:59  SCV  
  37  4:02  Marine  
  39  4:03  SCV  
  40  4:10  Marine x2  
  40  4:11  SCV  
  40  4:16  Supply Depot  
  43  4:22  Medivac x2  
  47  4:25  Factory Tech Lab  
  47  4:26  Marine  
  47  4:28  Marine x2  
  47  4:57  Marine x2  
  47  4:58  Marine  
  47  4:59  Siege Tank, SCV  
  48  5:00  SCV  
  48  5:07  Medivac x2  
  50  5:09  Supply Depot  
  50  5:11  SCV  
  50  5:12  SCV  
  54  5:15  Marine x3  
  54  5:20  Refinery  
  57  5:24  SCV  
  58  5:31  SCV  
  58  5:32  Supply Depot  
  58  5:33  Marine x3  
  58  5:35  Siege Tank  
  65  5:36  SCV  
  66  5:43  Bunker  
  66  5:44  Refinery  
  66  5:47  SCV  
  66  5:48  SCV  
  68  5:53  Liberator  
  68  5:55  Supply Depot  
  68  5:56  Supply Depot  
  71  6:01  SCV  
  71  6:02  SCV  
  73  6:09  Marine  
  73  6:10  Marine x2  
  76  6:14  SCV x2  
  76  6:16  Siege Tank  
  76  6:17  Supply Depot  
  81  6:19  Supply Depot  
  81  6:26  SCV  
  81  6:27  Marine x3  
  88  6:45  Marine x3  
  91  6:53  Supply Depot  
  91  6:59  SCV x2  
  96  7:03  Engineering Bay  
  96  7:04  Engineering Bay  
  96  7:05  Supply Depot  
  102  7:15  Supply Depot  
Tags
 
Add a new tag
Caveats
  • Supply blocks, unpowered buildings, or Contaminate may cause inaccurate times.
  • Supply counts are checked every 10 seconds.